 Dungeon Crawl Stone Soup version 0.31.0-32-g396128a36d (webtiles) character file.

Game seed: 11586746889313759870

89 H0rd4k the Insei (level 4, 0/29 HPs)
             Began as an Octopode Artificer on Mar 19, 2024.
             Succumbed to a goblin's poison
             ... on level 2 of the Dungeon.
             The game lasted 00:00:56 (1048 turns).

H0rd4k the Insei (Octopode Artificer)               Turns: 1048, Time: 00:00:56

Health: 0/29       AC:  1    Str: 11    XL:     4   Next: 55%
Magic:  4/4        EV: 13    Int: 15    God:
Gold:   39         SH:  0    Dex: 12    Spells: 3/3 levels left

rFire   . .          .
                       - Unarmed
rCold   . . .        (no shield)
rNeg    . . .        (helmet restricted)
rPois   .            (no amulet)
rElec   .            (no ring)
rCorr   .            (no ring)
SInv    .            (no ring)
Will    .....        (no ring)
Stlth   +++          (no ring)
HPRegen 0.24/turn    (no ring)
MPRegen 0.09/turn    (no ring)
                     (no ring)

%: no passive effects
@: mighty, lethally poisoned (0 -> -14), slowed, very slow
A: almost no armour, amphibious, 8 rings, camouflage 1, gelatinous body 1,
(nimble swimmer 1), tentacles
a: no special abilities


You were on level 2 of the Dungeon.
You visited 1 branch of the dungeon, and saw 2 of its levels.

You collected 39 gold pieces.

Inventory:

Magical Staves
 l - a staff of fire
Jewellery
 h - a ring of protection from cold
Wands
 b - a wand of flame (28) (quivered)
 c - a wand of charming (15)
 d - a wand of iceblast (3)
Scrolls
 e - a scroll of fog {unknown}
 i - a scroll of identify {unknown}
 k - a scroll of torment {unknown}
 m - a scroll of noise {unknown}
Potions
 a - a potion of degeneration {unknown}
 f - a potion of haste {unknown}
 g - a potion of resistance {unknown}
 j - a potion of heal wounds {unknown}
 n - a potion of might


   Skills:
 + Level 2.0 Fighting
 - Level 2.3 Dodging
 - Level 1.3 Stealth
 + Level 3.5 Unarmed Combat
 - Level 3.2 Evocations


You had 3 spell levels left.
You didn't know any spells.
Your spell library was empty.

Dungeon Overview and Level Annotations

Branches:
Dungeon (1/15)

Altars:


Innate Abilities, Weirdness & Mutations

You cannot wear most types of armour.
You are amphibious.
You can wear up to eight rings at the same time.
Your skin changes colour to match your surroundings (Stealth+).
Your rubbery body absorbs attacks. (AC +1, EV +1)
((You are camouflaged when in or above water. (Stealth+)))
You have tentacles for arms and can constrict up to eight enemies at once.


Message History

You kill the endoplasm!
Natasha, Servant of Life and Death comes into view.
Natasha hisses angrily.
Natasha closely misses you.
You miss Natasha. Your grab misses Natasha.
Natasha stares at you and mumbles some strange words.
The magic dart hits you!
You tentacle-slap Natasha but do no damage.
Your grab misses Natasha. Your squeeze misses Natasha.
Natasha claws you but does no damage.
You tentacle-slap Natasha. You grab Natasha. Your squeeze misses Natasha.
Natasha is moderately wounded.
You constrict Natasha, but do no damage.
Natasha casts a spell.
You tentacle-slap Natasha. You squeeze Natasha.
Natasha is severely wounded.
You constrict Natasha. Natasha barely misses you.
You tentacle-slap Natasha.
Natasha is almost dead.
You constrict Natasha, but do no damage.
The goblin hits you with a +2 dagger of venom.
You are poisoned.
Natasha stares at you and mumbles some strange words.
You feel yourself slow down. The cerulean imp barely misses you.
You tentacle-slap Natasha.
You kill Natasha!
Natasha screams in fury as she dies!
The cerulean imp disappears in a puff of smoke!
You feel very sick. The goblin completely misses you.
The goblin hits you with a +2 dagger of venom.
You are lethally poisoned!
Your Fighting skill increases to level 2!
You tentacle-slap the goblin.
You kill the goblin!
* * * LOW HITPOINT WARNING * * *
You feel very sick.
It was a potion of might.
You feel very mighty all of a sudden.
You die...

#. #.. ####.####### #.# #
#......)...# ###.# ..
##.####.# #.###.#.# ...
#.......###.#...#.###....
#...#+#..##.#.#.#........
#..## ##g##.#..........#
#g.# #..#.#..........#
#.#######...#...@......#
#.#.....#.###..).......#
..#.....'..##....§†....+
†#########.............#
.#...... #.###...........
.'....gh #.# #.........##
.#...SK. #.# ..........#
.#########.##.##########
..#.[.†.'..#..


There were no monsters in sight!

Vanquished Creatures
  Natasha (twice) (D:2)
  An adder (D:2)
  A dart slug (D:1)
  3 endoplasms (D:2)
  A giant cockroach (D:1)
  2 goblins
  2 hobgoblins (D:2)
  3 kobolds
  A quokka (D:2)
  8 ball pythons
  A bat (D:1)
  2 frilled lizards
  3 rats
30 creatures vanquished.

Notes
Turn   | Place    | Note
-------+----------+-------------------------------------------
     0 | D:1      | H0rd4k the Octopode Artificer began the quest for the Orb.
     0 | D:1      | Reached XP level 1. HP: 13/13 MP: 1/1
   203 | D:1      | Reached skill level 1 in Unarmed Combat
   443 | D:1      | Reached XP level 2. HP: 18/18 MP: 2/2
   815 | D:1      | You fall into a shaft and drop 1 floor!
   843 | D:2      | Noticed Natasha
   846 | D:2      | Reached XP level 3. HP: 20/23 MP: 3/3
   847 | D:2      | Killed Natasha
   906 | D:2      | Reached XP level 4. HP: 16/29 MP: 4/4
  1013 | D:2      | Noticed a black bear
  1037 | D:2      | Noticed Natasha
  1046 | D:2      | Killed Natasha
  1048 | D:2      | Succumbed to a goblin's poison

Illustrated notes

Levels and vault maps discovered:
D:1:      erik_arrival_blinker_ship, layout_loops_corners
D:2:      cheibrodos_fertilizer, layout_basic, grunt_decor_one_mirror,
          minmay_divided_ellipse, uniq_terence, uniq_natasha

Skill      XL: |  1  2  3  4 |
---------------+-------------+-----
Unarmed Combat | 1 2 3 |  3.5
Fighting       | 2 |  2.0
Dodging        | |  2.3
Stealth        | |  1.3
Evocations     | |  3.2

Action                     |  1- 3 |  4- 6 || total
---------------------------+-------+-------++-------
  Melee: Unarmed           |    43 |    18 ||    61
         Constrict         |     9 |     4 ||    13
         Tentacles         |     6 |     6 ||    12
         Punch             |     1 |       ||     1
  Evoke: Wand              |     2 |       ||     2
    Use: Potion            |       |     1 ||     1
   Stab: Sleeping          |    10 |     3 ||    13
 Armour: Skin              |    18 |     6 ||    24
  Dodge: Dodged            |    18 |     6 ||    24
